MLB
CLEVELAND INDIANS @ TAMPA BAY RAYS
09/12/2018
 
TOP OF THE 1ST
Cleveland Indians batting - Pitching for Tampa Bay Rays : LHP Danny Duffy
Pitching: LHP Danny Duffy
Batting: SHB Jose Ramirez 0-0: Called Strike
0-1: Fly out, F7 (Flyball, 78D)
Batting: RHB Marcus Semien 0-0: Called Strike
0-1: Ball
1-1: Fly out, F8 (Flyball, 8RD)
Batting: LHB Christian Yelich 0-0: Swinging Strike
0-1: Foul Ball, location: 2F
0-2: Strikes out swinging
Top of the 1st over - 0 runs, 0 hits, 0 errors, 0 left on base; Cleveland 0 - Tampa Bay 0
BOTTOM OF THE 1ST
Tampa Bay Rays batting - Pitching for Cleveland Indians : RHP Jimmy Nelson
Pitching: RHP Jimmy Nelson
Batting: RHB A.J. Pollock 0-0: Ball
1-0: Called Strike
1-1: Called Strike
1-2: SINGLE (Line Drive, 78S)
Batting: LHB Joey Votto 0-0: Ball
Wild Pitch!
A.J. Pollock to second
1-0: Foul Ball, location: 2F
1-1: Foul Ball, location: 2F
1-2: Foul Ball, location: 2F
1-2: Ball
2-2: Ground out 1-3 (Groundball, 34S)
A.J. Pollock to third
Batting: LHB Chris Davis 0-0: Called Strike
0-1: Called Strike
0-2: Strikes out looking
Batting: RHB Adrian Beltre 0-0: Called Strike
0-1: Foul Ball, location: 2F
0-2: Ground out 4-3 (Groundball, 4)
Bottom of the 1st over - 0 runs, 1 hit, 0 errors, 1 left on base; Cleveland 0 - Tampa Bay 0
TOP OF THE 2ND
Cleveland Indians batting - Pitching for Tampa Bay Rays : LHP Danny Duffy
Batting: RHB Steven Souza Jr. 0-0: Called Strike
0-1: Ground out 6-3 (Groundball, 56)
Batting: LHB Eric Hosmer 0-0: Ground out 2-3 (Groundball, 13S)
Batting: LHB Matt Carpenter 0-0: Called Strike
0-1: Called Strike
0-2: Foul Ball, location: 2F
0-2: Ball
1-2: Ball
2-2: Fly out, F7 (Flyball, 78D)
Top of the 2nd over - 0 runs, 0 hits, 0 errors, 0 left on base; Cleveland 0 - Tampa Bay 0
BOTTOM OF THE 2ND
Tampa Bay Rays batting - Pitching for Cleveland Indians : RHP Jimmy Nelson
Batting: LHB Adam Eaton 0-0: Ball
1-0: Ball
2-0: Foul Ball, location: 2F
2-1: Fly out, F4 (Line Drive, 4)
Batting: RHB Matt Duffy 0-0: Called Strike
0-1: Foul Ball, location: 2F
0-2: Ground out 6-3 (Groundball, 56)
Batting: SHB Ben Zobrist 0-0: Fly out, F8 (Flyball, 8LM)
Bottom of the 2nd over - 0 runs, 0 hits, 0 errors, 0 left on base; Cleveland 0 - Tampa Bay 0
TOP OF THE 3RD
Cleveland Indians batting - Pitching for Tampa Bay Rays : LHP Danny Duffy
Batting: RHB Jung-ho Kang 0-0: Ball
1-0: Ball
2-0: Ground out 5-3 (Groundball, 5L)
Batting: RHB Mitch Garver 0-0: Swinging Strike
0-1: Ball
1-1: Ball
2-1: Swinging Strike
2-2: DOUBLE (Line Drive, 7LM)
Batting: LHB Jacoby Ellsbury 0-0: Called Strike
0-1: Ball
1-1: Foul Ball, location: 2F
1-2: Ground out 4-3 (Groundball, 4)
Mitch Garver to third
Batting: SHB Jose Ramirez 0-0: Fly out, F4 (Popup, 4M)
Top of the 3rd over - 0 runs, 1 hit, 0 errors, 1 left on base; Cleveland 0 - Tampa Bay 0
BOTTOM OF THE 3RD
Tampa Bay Rays batting - Pitching for Cleveland Indians : RHP Jimmy Nelson
Batting: RHB Zack Cozart 0-0: Ball
1-0: SINGLE (Line Drive, 7S)
Batting: RHB Manny Pina 0-0: Ball
1-0: Foul Ball, location: 2F
1-1: Grounds into double play, 6-4-3 (Groundball, 6)
Batting: RHB A.J. Pollock 0-0: Ground out 2-3 (Groundball, 2R)
Bottom of the 3rd over - 0 runs, 1 hit, 0 errors, 0 left on base; Cleveland 0 - Tampa Bay 0
TOP OF THE 4TH
Cleveland Indians batting - Pitching for Tampa Bay Rays : LHP Danny Duffy
Batting: RHB Marcus Semien 0-0: Ball
1-0: Swinging Strike
1-1: Foul Ball, location: 2F
1-2: Strikes out looking
Batting: LHB Christian Yelich 0-0: SINGLE (Line Drive, 4D)
Batting: RHB Steven Souza Jr. 0-0: Called Strike
0-1: Called Strike
0-2: Ball
1-2: Fly out, F8 (Flyball, 8RM)
Batting: LHB Eric Hosmer 0-0: Ball
1-0: Called Strike
1-1: Fly out, F8 (Flyball, 8RXD)
Top of the 4th over - 0 runs, 1 hit, 0 errors, 1 left on base; Cleveland 0 - Tampa Bay 0
BOTTOM OF THE 4TH
Tampa Bay Rays batting - Pitching for Cleveland Indians : RHP Jimmy Nelson
Batting: LHB Joey Votto 0-0: Ball
1-0: Swinging Strike
1-1: Called Strike
1-2: Ball
2-2: Ball
3-2: Foul Ball, location: 2F
3-2: Strikes out swinging
Batting: LHB Chris Davis 0-0: Ball
1-0: Ball
2-0: Ball
3-0: Base on Balls
Batting: RHB Adrian Beltre 0-0: Foul Ball, location: 2F
0-1: Called Strike
0-2: Ball
1-2: Strikes out looking
Batting: LHB Adam Eaton 0-0: Ball
1-0: Swinging Strike
1-1: Called Strike
1-2: Ball
2-2: Strikes out looking
Bottom of the 4th over - 0 runs, 0 hits, 0 errors, 1 left on base; Cleveland 0 - Tampa Bay 0
TOP OF THE 5TH
Cleveland Indians batting - Pitching for Tampa Bay Rays : LHP Danny Duffy
Batting: LHB Matt Carpenter 0-0: Foul Ball, location: 2F
0-1: Swinging Strike
0-2: Ball
1-2: Strikes out looking
Batting: RHB Jung-ho Kang 0-0: Called Strike
0-1: Called Strike
0-2: Foul Ball, location: 2F
0-2: Fly out, F8 (Flyball, 8RM)
Batting: RHB Mitch Garver 0-0: Fly out, F9 (Flyball, 89S)
Top of the 5th over - 0 runs, 0 hits, 0 errors, 0 left on base; Cleveland 0 - Tampa Bay 0
BOTTOM OF THE 5TH
Tampa Bay Rays batting - Pitching for Cleveland Indians : RHP Jimmy Nelson
Batting: RHB Matt Duffy 0-0: Ball
1-0: Ball
2-0: Foul Ball, location: 2F
2-1: Ball
3-1: Foul Ball, location: 2F
3-2: SINGLE (Line Drive, 9S)
Batting: SHB Ben Zobrist 0-0: Called Strike
0-1: Ball
1-1: Called Strike
1-2: Ball
2-2: Ball
3-2: Foul Ball, location: 2F
3-2: Foul Ball, location: 2F
3-2: Foul Ball, location: 2F
3-2: Foul Ball, location: 2F
3-2: Fly out, F9 (Flyball, 89S)
Batting: RHB Zack Cozart 0-0: Called Strike
0-1: Foul Ball, location: 2F
0-2: Strikes out swinging
Batting: RHB Manny Pina 0-0: Ball
1-0: Ground out 4-3 (Groundball, 4)
Bottom of the 5th over - 0 runs, 1 hit, 0 errors, 1 left on base; Cleveland 0 - Tampa Bay 0
TOP OF THE 6TH
Cleveland Indians batting - Pitching for Tampa Bay Rays : LHP Danny Duffy
Batting: LHB Jacoby Ellsbury 0-0: Swinging Strike
0-1: SOLO HOME RUN (Flyball, 7D), Distance : 358 ft
Batting: SHB Jose Ramirez 0-0: Called Strike
0-1: Ball
1-1: Foul Ball, location: 2F
1-2: SOLO HOME RUN (Flyball, 9LD), Distance : 339 ft
Batting: RHB Marcus Semien 0-0: Ball
1-0: Called Strike
1-1: Fly out, F8 (Flyball, 8LM)
Batting: LHB Christian Yelich 0-0: Foul Ball, location: 2F
0-1: Ball
1-1: Called Strike
1-2: Ground out 4-3 (Groundball, 4)
Batting: RHB Steven Souza Jr. 0-0: SINGLE (Line Drive, 78M)
Batting: LHB Eric Hosmer 0-0: Called Strike
0-1: Fly out, F9 (Flyball, 9D)
Top of the 6th over - 2 runs, 3 hits, 0 errors, 1 left on base; Cleveland 2 - Tampa Bay 0
BOTTOM OF THE 6TH
Tampa Bay Rays batting - Pitching for Cleveland Indians : RHP Jimmy Nelson
Batting: RHB A.J. Pollock 0-0: Ball
1-0: Ground out 1-3 (Groundball, 13S)
Batting: LHB Joey Votto 0-0: Ball
1-0: Ground out 6-3 (Groundball, 6MS)
Batting: LHB Chris Davis 0-0: SINGLE (Groundball, 4MD)
Batting: RHB Adrian Beltre 0-0: Fly out, F3 (Popup, 3SF)
Bottom of the 6th over - 0 runs, 1 hit, 0 errors, 1 left on base; Cleveland 2 - Tampa Bay 0
TOP OF THE 7TH
Cleveland Indians batting - Pitching for Tampa Bay Rays : LHP Danny Duffy
Batting: LHB Matt Carpenter 0-0: Foul Ball, location: 2F
0-1: Foul Ball, location: 2F
0-2: Strikes out swinging
Batting: RHB Jung-ho Kang 0-0: Called Strike
0-1: Swinging Strike
0-2: Ball
1-2: Ball
2-2: Ball
3-2: Fly out, F3 (Flyball, 34D)
Batting: RHB Mitch Garver 0-0: Ball
1-0: SINGLE (Line Drive, 8RS)
Batting: LHB Jacoby Ellsbury 0-0: Ball
1-0: Bunt missed!
1-1: Ground out U3 (Groundball, 3)
Top of the 7th over - 0 runs, 1 hit, 0 errors, 1 left on base; Cleveland 2 - Tampa Bay 0
BOTTOM OF THE 7TH
Tampa Bay Rays batting - Pitching for Cleveland Indians : RHP Jimmy Nelson
Batting: LHB Adam Eaton 0-0: Fly out, F4 (Line Drive, 4)
Batting: RHB Matt Duffy 0-0: Called Strike
0-1: Ball
1-1: Foul Ball, location: 2F
1-2: Ball
2-2: Fly out, F9 (Flyball, 89S)
Batting: SHB Ben Zobrist 0-0: Called Strike
0-1: Swinging Strike
0-2: Strikes out swinging
Bottom of the 7th over - 0 runs, 0 hits, 0 errors, 0 left on base; Cleveland 2 - Tampa Bay 0
TOP OF THE 8TH
Cleveland Indians batting - Pitching for Tampa Bay Rays : LHP Danny Duffy
Batting: SHB Jose Ramirez 0-0: Called Strike
0-1: Ball
1-1: Ball
2-1: Foul Ball, location: 2F
2-2: SINGLE (Groundball, 4D)
Batting: RHB Marcus Semien 0-0: Ball
1-0: Foul Ball, location: 2F
1-1: Swinging Strike
1-2: Fly out, F8 (Line Drive, 8RD)
Runner from 1st tags up, SAFE at 2nd
Batting: LHB Christian Yelich 0-0: Called Strike
0-1: Foul Ball, location: 2F
0-2: Ball
1-2: Ball
2-2: SINGLE (Groundball, 13) (infield hit)
Jose Ramirez to third
Pitching: LHP James Pazos
Batting: RHB Steven Souza Jr. 0-0: Ball
1-0: Ball
2-0: Foul Ball, location: 2F
2-1: Swinging Strike
2-2: Fly out, F7 (Flyball, 7S)
Runner from 3rd tags up, SCORES, throw by LF
Batting: LHB Eric Hosmer 0-0: Called Strike
0-1: Fly out, F6 (Popup, 4D)
Top of the 8th over - 1 run, 2 hits, 0 errors, 1 left on base; Cleveland 3 - Tampa Bay 0
BOTTOM OF THE 8TH
Tampa Bay Rays batting - Pitching for Cleveland Indians : RHP Jimmy Nelson
Batting: RHB Zack Cozart 0-0: Called Strike
0-1: Ground out 6-3 (Groundball, 56)
Batting: RHB Manny Pina 0-0: Ball
1-0: Called Strike
1-1: Ball
2-1: SOLO HOME RUN (Line Drive, 78XD), Distance : 386 ft
Batting: RHB A.J. Pollock 0-0: Ball
1-0: SINGLE (Flyball, 3D) - OUT at second base trying to stretch hit.
Batting: LHB Joey Votto 0-0: Foul Ball, location: 2F
0-1: Ball
1-1: Fly out, F7 (Flyball, 7D)
Bottom of the 8th over - 1 run, 2 hits, 0 errors, 0 left on base; Cleveland 3 - Tampa Bay 1
TOP OF THE 9TH
Cleveland Indians batting - Pitching for Tampa Bay Rays : LHP James Pazos
Batting: LHB Matt Carpenter 0-0: Called Strike
0-1: Swinging Strike
0-2: Strikes out swinging
Batting: RHB Jung-ho Kang 0-0: Ball
1-0: Foul Ball, location: 2F
1-1: Swinging Strike
1-2: Strikes out looking
Batting: RHB Mitch Garver 0-0: Ball
1-0: Called Strike
1-1: Ground out 4-3 (Groundball, 4)
Top of the 9th over - 0 runs, 0 hits, 0 errors, 0 left on base; Cleveland 3 - Tampa Bay 1
BOTTOM OF THE 9TH
Tampa Bay Rays batting - Pitching for Cleveland Indians : RHP Jimmy Nelson
Pitching: LHP Brett Cecil
Batting: LHB Chris Davis 0-0: Foul Ball, location: 2F
0-1: Ball
1-1: Called Strike
1-2: Foul Ball, location: 2F
1-2: DOUBLE (Flyball, 9LD)
Batting: RHB Adrian Beltre 0-0: Ball
1-0: Ball
2-0: Ball
3-0: Base on Balls
Batting: LHB Adam Eaton 0-0: Grounds into double play, 6-4-3 (Groundball, 6)
Chris Davis to third
Batting: RHB Matt Duffy 0-0: Called Strike
0-1: Ground out 6-3 (Groundball, 6)
Bottom of the 9th over - 0 runs, 1 hit, 0 errors, 1 left on base; Cleveland 3 - Tampa Bay 1
Friday, November 23rd, 2018 - OOTP Baseball 19.9 Build 117